3L
HOUSTON 1837 BBC @ BROOKLYN DODGERS
09/22/2039
 
TOP OF THE 1ST
Houston 1837 BBC batting - Pitching for Brooklyn Dodgers : LHP Holden Rosen Grupp
Pitching: LHP Holden Rosen Grupp
Batting: RHB Jon Huband 0-0: Fly out, F8 (Flyball, 78D, EV 92.5 MPH)
Batting: RHB Adam Smith 0-0: Foul Ball, location: 2F
0-1: Called Strike
0-2: Ball
1-2: Strikes out swinging
Batting: SHB Yeow-whye Zhu 0-0: Ball
1-0: Ball
2-0: Ball
3-0: Ground out 5-3 (Groundball, 5S, EV 85.6 MPH)
Top of the 1st over - 0 runs, 0 hits, 0 errors, 0 left on base; Houston 0 - Brooklyn 0
BOTTOM OF THE 1ST
Brooklyn Dodgers batting - Pitching for Houston 1837 BBC : RHP Horiuchi Tanaka
Pitching: RHP Horiuchi Tanaka
Batting: SHB Fa-hsien Tze 0-0: Called Strike
0-1: Ball
1-1: Fly out, F7 (Flyball, 7S, EV 86.2 MPH)
Batting: LHB Tony Wonder 0-0: Ground out 6-3 (Groundball, 6, EV 76.9 MPH)
Batting: RHB Bill Chaundler 0-0: Ball
1-0: Foul Ball, location: 2F
1-1: Ball
2-1: Swinging Strike
2-2: Ball
3-2: Reached on error, E9 (Flyball, 9S, EV 96.9 MPH)
Batting: LHB Count Dante 0-0: Swinging Strike
0-1: Ball
1-1: Ground out 4-3 (Groundball, 4, EV 112.5 MPH)
Bottom of the 1st over - 0 runs, 0 hits, 1 error, 1 left on base; Houston 0 - Brooklyn 0
TOP OF THE 2ND
Houston 1837 BBC batting - Pitching for Brooklyn Dodgers : LHP Holden Rosen Grupp
Batting: RHB Krystof Melichar 0-0: SINGLE (Line Drive, 78S, EV 85.6 MPH)
Batting: RHB Joey Trifone 0-0: Ball
1-0: Grounds into double play, 6-4-3 (Groundball, 6, EV 107.5 MPH)
Batting: LHB Ramiro Palmeiro 0-0: Called Strike
0-1: Foul Ball, location: 2F
0-2: Ball
1-2: Strikes out swinging
Top of the 2nd over - 0 runs, 1 hit, 0 errors, 0 left on base; Houston 0 - Brooklyn 0
BOTTOM OF THE 2ND
Brooklyn Dodgers batting - Pitching for Houston 1837 BBC : RHP Horiuchi Tanaka
Batting: RHB Carlos Muñóz 0-0: Ball
1-0: Called Strike
1-1: Foul Ball, location: 2F
1-2: Foul Ball, location: 2F
1-2: Ball
2-2: Fly out, F7 (Line Drive, 78M, EV 92.5 MPH)
Batting: LHB Jung-joon Yi 0-0: Ball
1-0: Fly out, F2 (Popup, 25F, EV 86.9 MPH)
Batting: RHB Quindarious Monday 0-0: Ball
1-0: Ball
2-0: Foul Ball, location: 2F
2-1: Ground out 6-3 (Groundball, 6, EV 91.2 MPH)
Bottom of the 2nd over - 0 runs, 0 hits, 0 errors, 0 left on base; Houston 0 - Brooklyn 0
TOP OF THE 3RD
Houston 1837 BBC batting - Pitching for Brooklyn Dodgers : LHP Holden Rosen Grupp
Batting: RHB Scott Dourque 0-0: Ball
1-0: Foul Ball, location: 2F
1-1: Ball
2-1: Ball
3-1: Ground out 5-3 (Groundball, 56S, EV 83.8 MPH)
Batting: LHB Bill Dixon 0-0: Ball
1-0: Ground out 5-3 (Groundball, 56S, EV 75.0 MPH)
Batting: RHB David Elías 0-0: Called Strike
0-1: Foul Ball, location: 2F
0-2: Fly out, F9 (Line Drive, 9D, EV 88.8 MPH)
Top of the 3rd over - 0 runs, 0 hits, 0 errors, 0 left on base; Houston 0 - Brooklyn 0
BOTTOM OF THE 3RD
Brooklyn Dodgers batting - Pitching for Houston 1837 BBC : RHP Horiuchi Tanaka
Batting: LHB Hugh Hill 0-0: Swinging Strike
0-1: Swinging Strike
0-2: Ball
1-2: Ball
2-2: Ball
3-2: Foul Ball, location: 2F
3-2: Foul Ball, location: 2F
3-2: Strikes out looking
Batting: RHB Phil Sherman 0-0: Called Strike
0-1: Called Strike
0-2: Ball
1-2: Fly out, F8 (Flyball, 8LS, EV 90.0 MPH)
Batting: SHB Fa-hsien Tze 0-0: Fly out, F7 (Flyball, 7, EV 91.9 MPH)
Bottom of the 3rd over - 0 runs, 0 hits, 0 errors, 0 left on base; Houston 0 - Brooklyn 0
TOP OF THE 4TH
Houston 1837 BBC batting - Pitching for Brooklyn Dodgers : LHP Holden Rosen Grupp
Batting: RHB Jon Huband 0-0: Foul Ball, location: 2F
0-1: Ground out 5-3 (Groundball, 56, EV 107.5 MPH)
Batting: RHB Adam Smith 0-0: Called Strike
0-1: Swinging Strike
0-2: Strikes out looking
Batting: SHB Yeow-whye Zhu 0-0: Called Strike
0-1: Foul Ball, location: 2F
0-2: Ball
1-2: Ball
2-2: Foul Ball, location: 2F
2-2: Fly out, F8 (Line Drive, 8RM, EV 100.0 MPH)
Top of the 4th over - 0 runs, 0 hits, 0 errors, 0 left on base; Houston 0 - Brooklyn 0
BOTTOM OF THE 4TH
Brooklyn Dodgers batting - Pitching for Houston 1837 BBC : RHP Horiuchi Tanaka
Batting: LHB Tony Wonder 0-0: Foul Ball, location: 2F
0-1: Called Strike
0-2: Ball
1-2: Strikes out swinging
Batting: RHB Bill Chaundler 0-0: Swinging Strike
0-1: Called Strike
0-2: Ball
1-2: Ball
2-2: SINGLE (Groundball, 6MD, EV 100.6 MPH)
Batting: LHB Count Dante 0-0: Called Strike
0-1: Ball
1-1: Ball
2-1: Swinging Strike
2-2: Foul Ball, location: 2F
2-2: 2-RUN HOME RUN (Line Drive, 78XD, EV 98.8 MPH) (Inside the Park)
Batting: RHB Carlos Muñóz 0-0: Foul Ball, location: 2F
0-1: Fly out, F8 (Flyball, 89XD, EV 103.8 MPH)
Batting: LHB Jung-joon Yi 0-0: Called Strike
0-1: Foul Ball, location: 2F
0-2: Strikes out swinging
Bottom of the 4th over - 2 runs, 2 hits, 0 errors, 0 left on base; Houston 0 - Brooklyn 2
TOP OF THE 5TH
Houston 1837 BBC batting - Pitching for Brooklyn Dodgers : LHP Holden Rosen Grupp
Batting: RHB Krystof Melichar 0-0: Ball
1-0: Ball
2-0: Foul Ball, location: 2F
2-1: Foul Ball, location: 2F
2-2: Ground out 6-3 (Groundball, 6, EV 96.9 MPH)
Batting: RHB Joey Trifone 0-0: Ball
1-0: Fly out, F7 (Flyball, 7LS, EV 86.2 MPH)
Batting: LHB Ramiro Palmeiro 0-0: Foul Ball, location: 2F
0-1: Swinging Strike
0-2: Ball
1-2: Ball
2-2: Strikes out swinging
Top of the 5th over - 0 runs, 0 hits, 0 errors, 0 left on base; Houston 0 - Brooklyn 2
BOTTOM OF THE 5TH
Brooklyn Dodgers batting - Pitching for Houston 1837 BBC : RHP Horiuchi Tanaka
Batting: RHB Quindarious Monday 0-0: Called Strike
0-1: Hit by Pitch
Batting: LHB Hugh Hill 0-0: Sac Bunt to P - play at first, batter OUT! 1-3
Quindarious Monday to second
Batting: RHB Phil Sherman 0-0: Ball
1-0: Ball
2-0: Fly out, F8 (Line Drive, 8LD, EV 106.2 MPH)
Batting: SHB Fa-hsien Tze 0-0: Ball
1-0: Ball
2-0: Called Strike
2-1: Ball
3-1: Base on Balls
Batting: LHB Tony Wonder 0-0: Ball
1-0: Swinging Strike
1-1: Ball
2-1: Foul Ball, location: 2F
2-2: 3-RUN HOME RUN (Line Drive, 9LD, EV 101.9 MPH), Distance : 358 ft
Pitching: RHP Millard Smith
Batting: RHB Bill Chaundler 0-0: Ball
1-0: Ball
2-0: Foul Ball, location: 2F
2-1: Ground out 1-3 (Groundball, 15, EV 65.0 MPH)
Bottom of the 5th over - 3 runs, 1 hit, 0 errors, 0 left on base; Houston 0 - Brooklyn 5
TOP OF THE 6TH
Houston 1837 BBC batting - Pitching for Brooklyn Dodgers : LHP Holden Rosen Grupp
Batting: RHB Scott Dourque 0-0: Ball
1-0: Ball
2-0: Ball
3-0: Called Strike
3-1: Base on Balls
Batting: LHB Bill Dixon 0-0: Called Strike
Scott Dourque steals 2nd base
0-1: Hit by Pitch
Batting: RHB David Elías 0-0: Ball
1-0: Foul Ball, location: 2F
1-1: Foul Ball, location: 2F
1-2: Foul Ball, location: 2F
1-2: Strikes out looking
Batting: RHB Jon Huband 0-0: Ball
1-0: Called Strike
1-1: Ball
2-1: Foul Ball, location: 2F
2-2: Ball
3-2: Base on Balls
Scott Dourque to third
Bill Dixon to second
Batting: RHB Adam Smith 0-0: SINGLE (Groundball, 56, EV 99.4 MPH) (infield hit)
Scott Dourque scores
Bill Dixon to third
Jon Huband to second
Batting: SHB Yeow-whye Zhu 0-0: Ball
1-0: Called Strike
1-1: Called Strike
1-2: Reached on error, E5 (Groundball, 56S, EV 88.8 MPH)
Bill Dixon scores
Jon Huband to third
Adam Smith to second
Batting: RHB Krystof Melichar 0-0: Called Strike
0-1: Ball
1-1: Grounds into fielders choice 5-2 (Groundball, 5, EV 78.1 MPH)
Adam Smith to third
Yeow-whye Zhu to second
Batting: RHB Joey Trifone 0-0: Called Strike
0-1: Called Strike
0-2: Foul Ball, location: 2F
0-2: GRAND SLAM HOME RUN (Flyball, 9D, EV 103.1 MPH), Distance : 380 ft
Pitching: RHP Alejandro Araya
Batting: LHB Ramiro Palmeiro 0-0: Ball
1-0: Foul Ball, location: 2F
1-1: Called Strike
1-2: Ground out 5-3 (Groundball, 5S, EV 86.9 MPH)
Top of the 6th over - 6 runs, 2 hits, 1 error, 0 left on base; Houston 6 - Brooklyn 5
BOTTOM OF THE 6TH
Brooklyn Dodgers batting - Pitching for Houston 1837 BBC : RHP Millard Smith
Batting: LHB Count Dante 0-0: Foul Ball, location: 2F
0-1: Foul Ball, location: 2F
0-2: Strikes out swinging
Batting: RHB Carlos Muñóz 0-0: Ball
1-0: Called Strike
1-1: Called Strike
1-2: Strikes out looking
Batting: LHB Jung-joon Yi 0-0: Ball
1-0: Foul Ball, location: 2F
1-1: Ground out 5-3 (Groundball, 5L, EV 89.4 MPH)
Bottom of the 6th over - 0 runs, 0 hits, 0 errors, 0 left on base; Houston 6 - Brooklyn 5
TOP OF THE 7TH
Houston 1837 BBC batting - Pitching for Brooklyn Dodgers : RHP Alejandro Araya
Batting: RHB Scott Dourque 0-0: Ball
1-0: Called Strike
1-1: Swinging Strike
1-2: Foul Ball, location: 2F
1-2: Foul Ball, location: 2F
1-2: Foul Ball, location: 2F
1-2: Strikes out swinging
Batting: LHB Bill Dixon 0-0: Ground out 4-3 (Groundball, 4, EV 108.1 MPH)
Batting: RHB David Elías 0-0: Ball
1-0: Foul Ball, location: 2F
1-1: Called Strike
1-2: Ball
2-2: Ball
3-2: Strikes out swinging
Top of the 7th over - 0 runs, 0 hits, 0 errors, 0 left on base; Houston 6 - Brooklyn 5
BOTTOM OF THE 7TH
Brooklyn Dodgers batting - Pitching for Houston 1837 BBC : RHP Millard Smith
Batting: RHB Quindarious Monday 0-0: Ground out 3-1 (Groundball, 34, EV 94.4 MPH)
Batting: LHB Hugh Hill 0-0: Called Strike
0-1: Foul Ball, location: 2F
0-2: Ball
1-2: Ball
2-2: Ball
3-2: Strikes out looking
Batting: RHB Phil Sherman 0-0: Ball
1-0: Called Strike
1-1: Foul Ball, location: 2F
1-2: Strikes out swinging
Bottom of the 7th over - 0 runs, 0 hits, 0 errors, 0 left on base; Houston 6 - Brooklyn 5
TOP OF THE 8TH
Houston 1837 BBC batting - Pitching for Brooklyn Dodgers : RHP Alejandro Araya
Batting: RHB Jon Huband 0-0: Ball
1-0: Ball
2-0: Ball
3-0: Called Strike
3-1: Foul Ball, location: 2F
3-2: Base on Balls
Batting: RHB Adam Smith 0-0: Ball
1-0: Ball
2-0: Ball
3-0: Called Strike
3-1: Foul Ball, location: 2F
3-2: Foul Ball, location: 2F
3-2: Strikes out swinging
Batting: SHB Yeow-whye Zhu 0-0: Ball
Jon Huband is caught stealing 2nd base 2-6
1-0: SINGLE (Line Drive, 6MD, EV 95.0 MPH)
Batting: RHB Krystof Melichar 0-0: Foul Ball, location: 2F
0-1: Called Strike
0-2: Fly out, F9 (Line Drive, 9D, EV 89.4 MPH)
Top of the 8th over - 0 runs, 1 hit, 0 errors, 1 left on base; Houston 6 - Brooklyn 5
BOTTOM OF THE 8TH
Brooklyn Dodgers batting - Pitching for Houston 1837 BBC : RHP Millard Smith
Now at 3B: Seung-soo Ch'ae
Batting: SHB Fa-hsien Tze 0-0: Called Strike
0-1: SINGLE (Groundball, 13S, EV 71.2 MPH) (infield hit)
Pitching: RHP Edmond McCord
Batting: LHB Tony Wonder 0-0: Ball
Fa-hsien Tze is caught stealing 2nd base 2-6
1-0: Called Strike
1-1: Ball
2-1: Ground out 6-3 (Groundball, 56, EV 81.2 MPH)
Batting: RHB Bill Chaundler 0-0: Ground out U3 (Groundball, 3, EV 91.9 MPH)
Bottom of the 8th over - 0 runs, 1 hit, 0 errors, 0 left on base; Houston 6 - Brooklyn 5
TOP OF THE 9TH
Houston 1837 BBC batting - Pitching for Brooklyn Dodgers : RHP Alejandro Araya
Batting: RHB Joey Trifone 0-0: Ball
1-0: Ball
2-0: Ball
3-0: Base on Balls
Pitching: RHP Maverick Handley
Batting: LHB Ramiro Palmeiro 0-0: Ball
1-0: Ball
2-0: Called Strike
2-1: Bunted foul
2-2: Foul Ball, location: 2F
2-2: Grounds into double play, 4-6-3 (Groundball, 4, EV 110.6 MPH)
Batting: RHB Scott Dourque 0-0: Called Strike
0-1: Ground out 4-3 (Groundball, 4, EV 96.9 MPH)
Top of the 9th over - 0 runs, 0 hits, 0 errors, 0 left on base; Houston 6 - Brooklyn 5
BOTTOM OF THE 9TH
Brooklyn Dodgers batting - Pitching for Houston 1837 BBC : RHP Edmond McCord
Pitching: LHP Jeffery Meyers
Batting: LHB Count Dante 0-0: Foul Ball, location: 2F
0-1: Called Strike
0-2: Ball
1-2: Ball
2-2: Strikes out swinging
Batting: RHB Carlos Muñóz 0-0: Called Strike
0-1: Swinging Strike
0-2: Strikes out swinging
Batting: LHB Jung-joon Yi 0-0: Ball
1-0: Foul Ball, location: 2F
1-1: Foul Ball, location: 2F
1-2: Ball
2-2: Ground out 6-3 (Groundball, 6, EV 89.4 MPH)
Bottom of the 9th over - 0 runs, 0 hits, 0 errors, 0 left on base; Houston 6 - Brooklyn 5
Wednesday, July 8th, 2020 - OOTP Baseball 20.8 Build 74